PL
PORTLAND EVERGREENS @ CHICAGO SILVER SOX
09/24/2037
 
TOP OF THE 1ST
Portland Evergreens batting - Pitching for Chicago Silver Sox : RHP Rhys Maskell
Pitching: RHP Rhys Maskell
Batting: SHB Willie McGirt 0-0: Called Strike
0-1: Swinging Strike
0-2: Ball
1-2: Strikes out swinging
Batting: RHB Jeff Solís 0-0: Foul Ball, location: 2F
0-1: Ball
1-1: Swinging Strike
1-2: Strikes out swinging
Batting: RHB Blaze Alexander 0-0: Ball
1-0: Fly out, F6 (Popup, 15, EV 86.2 MPH)
Top of the 1st over - 0 runs, 0 hits, 0 errors, 0 left on base; Portland 0 - Chicago 0
BOTTOM OF THE 1ST
Chicago Silver Sox batting - Pitching for Portland Evergreens : RHP Marcos Germán
Pitching: RHP Marcos Germán
Batting: RHB Manuel Ramos 0-0: Called Strike
0-1: Ball
1-1: Ball
2-1: Called Strike
2-2: Foul Ball, location: 2F
2-2: Ball
3-2: Base on Balls
Batting: SHB Bren Spillane 0-0: Ball
1-0: Foul Ball, location: 2F
1-1: Ball
2-1: Swinging Strike
2-2: Ball
3-2: Strikes out swinging
Batting: SHB Gerrie Bond 0-0: Foul Ball, location: 2F
0-1: Ball
1-1: SINGLE (Line Drive, 78M, EV 103.8 MPH)
Manuel Ramos to second
Batting: LHB Jonathan Gunner 0-0: Ball
1-0: Ball
2-0: Ball
3-0: Called Strike
3-1: Foul Ball, location: 2F
3-2: Foul Ball, location: 2F
3-2: Foul Ball, location: 2F
3-2: Hit by Pitch
Manuel Ramos to third
Gerrie Bond to second
Batting: LHB Chris Fitzgerald 0-0: Ball
1-0: Ball
2-0: Ball
3-0: Called Strike
3-1: Base on Balls
Manuel Ramos scores
Gerrie Bond to third
Jonathan Gunner to second
Batting: LHB Ashley Thachi 0-0: SINGLE (Groundball, 4MD, EV 101.9 MPH)
Gerrie Bond scores
Jonathan Gunner to third
Chris Fitzgerald to second
Runner from 3rd tries for Home, SAFE, no throw by CF
Batting: LHB Jayden Laming 0-0: Foul Ball, location: 2F
0-1: Called Strike
0-2: Fly out, F9 (Flyball, 89M, EV 83.8 MPH)
Batting: RHB Jeff Reed 0-0: Called Strike
0-1: Called Strike
0-2: Foul Ball, location: 2F
0-2: Strikes out swinging
Bottom of the 1st over - 3 runs, 2 hits, 0 errors, 2 left on base; Portland 0 - Chicago 3
TOP OF THE 2ND
Portland Evergreens batting - Pitching for Chicago Silver Sox : RHP Rhys Maskell
Batting: SHB Billy Dotson 0-0: Ball
1-0: Foul Ball, location: 2F
1-1: Ball
2-1: Ground out U3 (Groundball, 3, EV 88.1 MPH)
Batting: LHB John Schaefer 0-0: Ball
1-0: SINGLE (Popup, 4D, EV 48.8 MPH)
Batting: RHB Bastiaan Pieterse 0-0: Called Strike
0-1: Foul Ball, location: 2F
0-2: Ball
1-2: Strikes out looking
Batting: RHB Armando Rodríguez 0-0: Called Strike
0-1: Fly out, F6 (Popup, 6MD, EV 48.1 MPH)
Top of the 2nd over - 0 runs, 1 hit, 0 errors, 1 left on base; Portland 0 - Chicago 3
BOTTOM OF THE 2ND
Chicago Silver Sox batting - Pitching for Portland Evergreens : RHP Marcos Germán
Batting: SHB Miguel Herrera 0-0: Ball
1-0: Called Strike
1-1: Called Strike
1-2: Foul Ball, location: 2F
1-2: Strikes out swinging
Batting: RHB Manuel Ramos 0-0: Ball
1-0: Foul Ball, location: 2F
1-1: Ball
2-1: Ground out 4-3 (Groundball, 34, EV 100.0 MPH)
Batting: SHB Bren Spillane 0-0: SINGLE (Groundball, 6MD, EV 100.0 MPH)
Batting: SHB Gerrie Bond 0-0: Called Strike
0-1: Ground out 4-3 (Groundball, 34, EV 103.1 MPH)
Bottom of the 2nd over - 0 runs, 1 hit, 0 errors, 1 left on base; Portland 0 - Chicago 3
TOP OF THE 3RD
Portland Evergreens batting - Pitching for Chicago Silver Sox : RHP Rhys Maskell
Batting: RHB Yu-shu Tseng 0-0: Ball
1-0: Foul Ball, location: 2F
1-1: Foul Ball, location: 2F
1-2: Fly out, F9 (Flyball, 89M, EV 80.0 MPH)
Batting: RHB Mei Kim 0-0: Called Strike
0-1: Ball
1-1: Foul Ball, location: 2F
1-2: Ball
2-2: Foul Ball, location: 2F
2-2: Ball
3-2: Foul Ball, location: 2F
3-2: Foul Ball, location: 2F
3-2: Strikes out swinging
Batting: SHB Willie McGirt 0-0: Ball
1-0: Foul Ball, location: 2F
1-1: Foul Ball, location: 2F
1-2: Ball
2-2: SINGLE (Groundball, 34D, EV 105.6 MPH)
Batting: RHB Jeff Solís 0-0: Called Strike
0-1: Called Strike
0-2: Strikes out swinging
Top of the 3rd over - 0 runs, 1 hit, 0 errors, 1 left on base; Portland 0 - Chicago 3
BOTTOM OF THE 3RD
Chicago Silver Sox batting - Pitching for Portland Evergreens : RHP Marcos Germán
Batting: LHB Jonathan Gunner 0-0: Ball
1-0: Foul Ball, location: 2F
1-1: Ball
2-1: Ground out 5-3 (Groundball, 6S, EV 86.9 MPH)
Batting: LHB Chris Fitzgerald 0-0: Called Strike
0-1: Ball
1-1: Ball
2-1: Ball
3-1: Called Strike
3-2: Base on Balls
Batting: LHB Ashley Thachi 0-0: Foul Ball, location: 2F
0-1: Ball
1-1: Foul Ball, location: 2F
1-2: Ball
2-2: Foul Ball, location: 2F
2-2: Ball
3-2: Foul Ball, location: 2F
3-2: Fly out, F7 (Flyball, 7S, EV 78.1 MPH)
Batting: LHB Jayden Laming 0-0: Ground out 4-3 (Groundball, 4S, EV 81.9 MPH)
Bottom of the 3rd over - 0 runs, 0 hits, 0 errors, 1 left on base; Portland 0 - Chicago 3
TOP OF THE 4TH
Portland Evergreens batting - Pitching for Chicago Silver Sox : RHP Rhys Maskell
Batting: RHB Blaze Alexander 0-0: Called Strike
0-1: Ball
1-1: Fly out, F8 (Flyball, 8RS, EV 95.6 MPH)
Batting: SHB Billy Dotson 0-0: Ball
1-0: Ball
2-0: SINGLE (Groundball, 6MD, EV 108.8 MPH)
Batting: LHB John Schaefer 0-0: Called Strike
0-1: Foul Ball, location: 2F
0-2: Ball
1-2: Ball
2-2: Foul Ball, location: 2F
2-2: Ball
3-2: Strikes out looking
Batting: RHB Bastiaan Pieterse 0-0: SINGLE (Groundball, 13S, EV 70.6 MPH) (infield hit)
Billy Dotson to second
Batting: RHB Armando Rodríguez 0-0: Ball
1-0: SINGLE (Groundball, 56D, EV 103.8 MPH)
Billy Dotson to third
Bastiaan Pieterse to second
Runner from 3rd tries for Home, throw by LF and OUT! 7-2
Top of the 4th over - 0 runs, 3 hits, 0 errors, 2 left on base; Portland 0 - Chicago 3
BOTTOM OF THE 4TH
Chicago Silver Sox batting - Pitching for Portland Evergreens : RHP Marcos Germán
Batting: RHB Jeff Reed 0-0: Ball
1-0: Fly out, F8 (Flyball, 8LS, EV 84.4 MPH)
Pitching: RHP Dermot Eridge
Batting: SHB Miguel Herrera 0-0: Ball
1-0: Ball
2-0: Ball
3-0: Called Strike
3-1: Called Strike
3-2: Foul Ball, location: 2F
3-2: Base on Balls
Batting: RHB Manuel Ramos 0-0: Ball
1-0: Called Strike
1-1: Ball
2-1: Foul Ball, location: 2F
2-2: Fielders Choice at 2nd, 4-6 (Groundball, 4, EV 90.6 MPH)
Batting: SHB Bren Spillane 0-0: Ball
1-0: Ball
2-0: Ball
3-0: Fielders Choice at 2nd, 5-4 (Groundball, 56, EV 88.1 MPH)
Bottom of the 4th over - 0 runs, 0 hits, 0 errors, 1 left on base; Portland 0 - Chicago 3
TOP OF THE 5TH
Portland Evergreens batting - Pitching for Chicago Silver Sox : RHP Rhys Maskell
Batting: RHB Yu-shu Tseng 0-0: Called Strike
0-1: Foul Ball, location: 2F
0-2: Strikes out swinging
Batting: RHB Mei Kim 0-0: Called Strike
0-1: Ball
1-1: Ball
2-1: Foul Ball, location: 2F
2-2: Ball
3-2: Ground out 5-3 (Groundball, 56, EV 104.4 MPH)
Batting: SHB Willie McGirt 0-0: Ball
1-0: Called Strike
1-1: Foul Ball, location: 2F
1-2: Ball
2-2: Ground out 4-3 (Groundball, 4, EV 95.0 MPH)
Top of the 5th over - 0 runs, 0 hits, 0 errors, 0 left on base; Portland 0 - Chicago 3
BOTTOM OF THE 5TH
Chicago Silver Sox batting - Pitching for Portland Evergreens : RHP Dermot Eridge
Batting: SHB Gerrie Bond 0-0: Ball
1-0: Foul Ball, location: 2F
1-1: Called Strike
1-2: Foul Ball, location: 2F
1-2: Strikes out swinging
Batting: LHB Jonathan Gunner 0-0: Ball
1-0: DOUBLE (Line Drive, 78M, EV 101.2 MPH)
Batting: LHB Chris Fitzgerald 0-0: Ball
1-0: Ball
2-0: Called Strike
2-1: Ball
3-1: Fly out, F8 (Line Drive, 8LM, EV 91.2 MPH)
Batting: LHB Ashley Thachi 0-0: Called Strike
0-1: Ball
1-1: SINGLE (Groundball, 4MD, EV 97.5 MPH)
Jonathan Gunner to third
Runner from 3rd tries for Home, SAFE, throw by CF to home
Batting: LHB Jayden Laming 0-0: Ball
1-0: Ball
2-0: Ball
3-0: Called Strike
3-1: Fly out, F7 (Flyball, 78S, EV 85.0 MPH)
Bottom of the 5th over - 1 run, 2 hits, 0 errors, 1 left on base; Portland 0 - Chicago 4
TOP OF THE 6TH
Portland Evergreens batting - Pitching for Chicago Silver Sox : RHP Rhys Maskell
Batting: RHB Jeff Solís 0-0: Ball
1-0: SINGLE (Line Drive, 6D, EV 99.4 MPH)
Batting: RHB Blaze Alexander 0-0: Fielders Choice at 2nd, 1-4 (Groundball, 15, EV 71.9 MPH)
Batting: SHB Billy Dotson 0-0: Ball
1-0: Called Strike
1-1: Ball
2-1: Swinging Strike
2-2: Foul Ball, location: 2F
2-2: DOUBLE (Line Drive, 89M, EV 96.2 MPH)
Blaze Alexander to third
Batting: LHB John Schaefer 0-0: Called Strike
0-1: Called Strike
0-2: Ball
1-2: Foul Ball, location: 2F
1-2: Ball
2-2: Ball
3-2: Base on Balls
Batting: RHB Bastiaan Pieterse 0-0: Grounds into double play, 6-4-3 (Groundball, 6, EV 88.8 MPH)
Top of the 6th over - 0 runs, 2 hits, 0 errors, 2 left on base; Portland 0 - Chicago 4
BOTTOM OF THE 6TH
Chicago Silver Sox batting - Pitching for Portland Evergreens : RHP Dermot Eridge
Batting: RHB Jeff Reed 0-0: Fly out, F8 (Flyball, 8RS, EV 86.2 MPH)
Batting: SHB Miguel Herrera 0-0: SINGLE (Groundball, 5D, EV 95.6 MPH)
Batting: RHB Manuel Ramos 0-0: Foul Ball, location: 2F
0-1: Ball
1-1: Ball
2-1: Foul Ball, location: 2F
2-2: Ball
3-2: SINGLE (Line Drive, 7S, EV 100.6 MPH)
Miguel Herrera to second
Pitching: LHP Steve Wortley
Batting: SHB Bren Spillane 0-0: Ball
1-0: Foul Ball, location: 2F
1-1: Ball
2-1: Swinging Strike
2-2: SINGLE (Line Drive, 7S, EV 100.6 MPH)
Miguel Herrera to third
Manuel Ramos to second
Runner from 3rd tries for Home, SAFE, throw by LF to home
Batting: SHB Gerrie Bond 0-0: Foul Ball, location: 2F
0-1: Foul Ball, location: 2F
0-2: Foul Ball, location: 2F
0-2: Ball
1-2: 3-RUN HOME RUN (Flyball, 89XD, EV 101.2 MPH), Distance : 386 ft
Batting: LHB Jonathan Gunner 0-0: Called Strike
0-1: SOLO HOME RUN (Flyball, 9LD, EV 96.9 MPH), Distance : 328 ft
Batting: LHB Chris Fitzgerald 0-0: Ball
1-0: Swinging Strike
1-1: Fly out, F5 (Line Drive, 5, EV 68.8 MPH)
Batting: LHB Ashley Thachi 0-0: Foul Ball, location: 2F
0-1: Ball
1-1: Foul Ball, location: 2F
1-2: Ball
2-2: Foul Ball, location: 2F
2-2: Strikes out looking
Bottom of the 6th over - 5 runs, 5 hits, 0 errors, 0 left on base; Portland 0 - Chicago 9
TOP OF THE 7TH
Portland Evergreens batting - Pitching for Chicago Silver Sox : RHP Rhys Maskell
Batting: RHB Armando Rodríguez 0-0: Ball
1-0: Called Strike
1-1: Fly out, F9 (Line Drive, 9D, EV 92.5 MPH)
Batting: RHB Yu-shu Tseng 0-0: Called Strike
0-1: Called Strike
0-2: Ball
1-2: Ball
2-2: Foul Ball, location: 2F
2-2: Strikes out swinging
Batting: RHB Mei Kim 0-0: Ball
1-0: Foul Ball, location: 2F
1-1: Swinging Strike
1-2: Reached on error, E6 (Groundball, 6, EV 86.9 MPH)
Pinch Hitting: RHB Karl Wade 0-0: Swinging Strike
0-1: Ball
1-1: Ball
2-1: Called Strike
2-2: Ball
Mei Kim steals 2nd base (no throw)
3-2: Strikes out swinging
Top of the 7th over - 0 runs, 0 hits, 1 error, 1 left on base; Portland 0 - Chicago 9
BOTTOM OF THE 7TH
Chicago Silver Sox batting - Pitching for Portland Evergreens : LHP Steve Wortley
Now in LF: Jérôme Masson
Batting: LHB Jayden Laming 0-0: Called Strike
0-1: Ground out 3-1 (Groundball, 34S, EV 86.9 MPH)
Pinch Hitting: RHB Mitsuhide Bando 0-0: Ball
1-0: Ground out 6-3 (Groundball, 6, EV 90.0 MPH)
Batting: SHB Miguel Herrera 0-0: Called Strike
0-1: Ball
1-1: Ball
2-1: Swinging Strike
2-2: Ball
3-2: Foul Ball, location: 2F
3-2: Ground out 6-3 (Groundball, 6S, EV 81.9 MPH)
Bottom of the 7th over - 0 runs, 0 hits, 0 errors, 0 left on base; Portland 0 - Chicago 9
TOP OF THE 8TH
Portland Evergreens batting - Pitching for Chicago Silver Sox : RHP Rhys Maskell
Pitching: RHP Eugenio Piñeiro
Now in CF: José García
Batting: RHB Jeff Solís 0-0: Ball
1-0: Called Strike
1-1: Called Strike
1-2: Strikes out swinging
Pinch Hitting: RHB Pacu Martic 0-0: Foul Ball, location: 2F
0-1: Foul Ball, location: 2F
0-2: Foul Ball, location: 2F
0-2: Ball
1-2: Hit by Pitch
Batting: SHB Billy Dotson 0-0: Ball
1-0: Called Strike
1-1: Swinging Strike
1-2: Foul Ball, location: 2F
1-2: Foul Ball, location: 2F
1-2: SINGLE (Groundball, 4D, EV 96.9 MPH)
Pacu Martic to second
Batting: LHB John Schaefer 0-0: Foul Ball, location: 2F
0-1: Foul Ball, location: 2F
0-2: Ball
1-2: Ball
Balk!
Pacu Martic to third
Billy Dotson to second
2-2: Ball
3-2: Strikes out swinging
Batting: RHB Bastiaan Pieterse 0-0: Ball
1-0: Ball
2-0: Ball
3-0: Base on Balls
Batting: RHB Armando Rodríguez 0-0: Called Strike
0-1: Ball
1-1: Ball
2-1: DOUBLE (Line Drive, 7LM, EV 106.2 MPH)
Pacu Martic scores
Billy Dotson scores
Bastiaan Pieterse to third
Runner from 3rd tries for Home, SAFE, throw by LF to trailing runner, SAFE at third!
Batting: RHB Yu-shu Tseng 0-0: Called Strike
0-1: Foul Ball, location: 2F
0-2: Ground out 5-3 (Groundball, 5, EV 85.6 MPH)
Top of the 8th over - 3 runs, 2 hits, 0 errors, 1 left on base; Portland 3 - Chicago 9
BOTTOM OF THE 8TH
Chicago Silver Sox batting - Pitching for Portland Evergreens : LHP Steve Wortley
Now at 1B: Pacu Martic
Batting: RHB Manuel Ramos 0-0: Ground out 1-3 (Groundball, 34S, EV 83.8 MPH)
Batting: SHB Bren Spillane 0-0: Fly out, F7 (Flyball, 7LS, EV 85.6 MPH)
Batting: SHB Gerrie Bond 0-0: Ball
1-0: Called Strike
1-1: Swinging Strike
1-2: Ball
2-2: Ball
3-2: Foul Ball, location: 2F
3-2: DOUBLE (Line Drive, 9LM, EV 115.0 MPH)
Batting: LHB Jonathan Gunner 0-0: Called Strike
0-1: Ball
1-1: Ball
2-1: Hit by Pitch
Batting: LHB Chris Fitzgerald 0-0: Ball
1-0: Swinging Strike
1-1: Foul Ball, location: 2F
1-2: Foul Ball, location: 2F
1-2: Strikes out looking
Bottom of the 8th over - 0 runs, 1 hit, 0 errors, 2 left on base; Portland 3 - Chicago 9
TOP OF THE 9TH
Portland Evergreens batting - Pitching for Chicago Silver Sox : RHP Eugenio Piñeiro
Batting: RHB Mei Kim 0-0: Ball
1-0: Swinging Strike
1-1: Ball
2-1: Foul Ball, location: 2F
2-2: Strikes out looking
Batting: LHB Jérôme Masson 0-0: Called Strike
0-1: Called Strike
0-2: Strikes out swinging
Batting: RHB Jeff Solís 0-0: Called Strike
0-1: Ball
1-1: Ball
2-1: Ball
3-1: Swinging Strike
3-2: Strikes out swinging
Top of the 9th over - 0 runs, 0 hits, 0 errors, 0 left on base; Portland 3 - Chicago 9
Thursday, January 23rd, 2020 - OOTP Baseball 20.8 Build 74